 Dungeon Crawl Stone Soup version 0.30.0 (webtiles) character file.

Game seed: 10674356729112036171

8 bdicievn the Trooper (level 2, 6/27 HPs)
             Began as a Minotaur Berserker on Dec 28, 2023.
             Was a Follower of Trog.
             Quit the game on level 1 of the Dungeon.
             The game lasted 00:03:04 (96 turns).

bdicievn the Trooper (Minotaur Berserker)             Turns: 96, Time: 00:03:04

Health: 6/27       AC:  5    Str: 21    XL:     2   Next: 0%
Magic:  1/1        EV: 11    Int:  4    God:    Trog [*.....]
Gold:   0          SH:  0    Dex:  9    Spells: 1/1 levels left

rFire   . .          .
                       - Unarmed
rCold   . . .        (no shield)
rNeg    . . .        d - +0 ring mail
rPois   .            (helmet restricted)
rElec   .            b - scarf {harm}
rCorr   .            (no gloves)
SInv    .            (no boots)
Will    .....        (no amulet) Stlth
                     (no ring)
HPRegen 0.24/turn    (no ring)
MPRegen 0.07/turn

%: harm (+30% outgoing, +20% incoming)
@: lethally poisoned (6 -> -8)
A: horns 2, retaliatory headbutt
a: Renounce Religion, Berserk


You were on level 1 of the Dungeon.
You worshipped Trog.
Trog was aware of your devotion.
You visited 1 branch of the dungeon, and saw 1 of its levels.

Inventory:

Hand Weapons
 c - a +0 dagger
Armour
 a - a +0 animal skin
 b - a scarf of harm (worn)
 d - a +0 ring mail (worn)


   Skills:
 + Level 4.0 Fighting
 + Level 2.5 Armour
 + Level 2.2 Dodging
 + Level 3.5 Unarmed Combat


You had one spell level left.
You didn't know any spells.
Your spell library was empty.

Dungeon Overview and Level Annotations

Branches:
Dungeon (1/15)

Altars:
Gozag


Innate Abilities, Weirdness & Mutations

You have a pair of horns on your head.
You reflexively headbutt those who attack you in melee.


Message History

Really walk into that cloud of poison gas? [Y]es or [N]o only, please.
Really walk into that cloud of poison gas? [Y]es or [N]o only, please.
Really walk into that cloud of poison gas?
Okay, then.
You aren't wearing any rings or amulets.
Okay, then.
You aren't wearing any rings or amulets.
Really walk into that cloud of poison gas? [Y]es or [N]o only, please.
Really walk into that cloud of poison gas?
Okay, then.
Really walk into that cloud of poison gas?
Okay, then.
Unknown command.
Really walk into that cloud of poison gas?
Okay, then.
Unknown command.
Char dumped successfully.
Sorry, I don't know how to get there.
Really walk into that cloud of poison gas? [Y]es or [N]o only, please.
Really walk into that cloud of poison gas?
Uppercase [Y]es or [N]o only, please.
Really walk into that cloud of poison gas?
Uppercase [Y]es or [N]o only, please.
Really walk into that cloud of poison gas?
Uppercase [Y]es or [N]o only, please.
Really walk into that cloud of poison gas?
You are engulfed in poison gas.
You are poisoned.
You feel very sick.
* * * LOW HITPOINT WARNING * * *
You feel very sick.
Really walk into that cloud of poison gas?
Okay, then.
Unknown command.
Unknown command.
Unknown command.
Are you sure you want to abandon this character and quit the game? (Confirm with "yes".)

#..# #§§# #§§# ###
#####§§### #..
#§§§§§§§§# #.#
#§§§§§§§§# #.#
#§§§§§§§§#####.#
#§§§§§§§§§§....#
#§§@§§§§§#####.###
#§§§§§§§§# #.♣#>#
#§§§§§§§§# #.♣#≈#
#§§§§§§§§# ##.♣#≈#
#§§§§§§§§# #..♣#≈#
#§§§§§§§§# #.###'##
.§§§§#§#### #.'....#
#####.#.##...#.'.8..#
#.#.# #...'.8..#


There were no monsters in sight!

Vanquished Creatures
  A dart slug (D:1)
  2 endoplasms (D:1)
  A kobold (D:1)
  A bat (D:1)
  A rat (D:1)
6 creatures vanquished.

Notes
Turn   | Place    | Note
-------+----------+-------------------------------------------
     0 | D:1      | bdicievn the Minotaur Berserker began the quest for the
                  | Orb.
     0 | D:1      | Reached XP level 1. HP: 19/19 MP: 0/0
    14 | D:1      | Found an opulent altar of Gozag.
    66 | D:1      | Reached skill level 4 in Fighting
    66 | D:1      | Reached XP level 2. HP: 22/27 MP: 1/1
    96 | D:1      | Quit the game

Illustrated notes

Levels and vault maps discovered:
D:1:      sevenhm_arrival_forest_fort_small_6, layout_basic

Skill      XL: |  1 |
---------------+----+-----
Fighting       | 4 |  4.0
Armour         | |  2.5
Dodging        | |  2.2
Unarmed Combat | |  3.5

Action                     || total
---------------------------++-------
  Melee: Unarmed           ||    14
         Headbutt          ||     1
         Punch             ||     1
    Use: Scroll            ||     1
 Armour: Animal skin       ||     3
  Dodge: Dodged            ||     7
